[Event "Thursday Night Round Robin 3m+1s Starts at 2200hrs ST No Late Joins"]
[Site "Infinity Chess"]
[Date "2018.1.11"]
[Round "3"]
[White "MGR"]
[Black "KillBill2017"]
[Result "1-0 "]
[ECO "C11"]
[WhiteElo "2497"]
[BlackElo "2475"]
[WhiteEngine "Stockfish SL sh BMI2"]
[BlackEngine "corchess_x64_modern"]
[EventType "Round Robin"]
[WhiteTeam ""]
[BlackTeam ""]
[PlyCount "227"]
[TimeControl "180+1"]

1. e4 e6 2. d4 d5 3. Nc3 Nf6 4. e5 Nfd7 5. f4 c5 6. Nf3 Nc6 7. Be3 Be7 8. Qd2 a6 
9. Be2 O-O 10. O-O b5 11. a3 Qc7 12. Nd1 Na5 13. b3 c4 14. Qc3 Bb7 15. Bf2 Rfc8 
16. Be1 Nc6 17. Qd2 f5 18. h3 Nf8 19. g3 Bd8 20. Bf2 Qd7 21. Ne3 Ba5 22. b4 Bd8 
23. g4 a5 24. c3 Ne7 25. Nh4 Ra6 26. Rac1 Rca8 27. Bf3 g6 28. Bd1 axb4 
29. axb4 Nc8 30. Kh2 Kh8 31. Rg1 Bc6 32. Nf3 Ra2 33. Rc2 Rxc2 34. Bxc2 Ra2 
35. Be1 Qc7 36. Qd1 Be8 37. Bd2 Ne7 38. Bb1 Ra1 39. Qc2 Qa7 40. Qc1 Ng8 
41. Nc2 Ra6 42. Be1 Qc7 43. Ne3 Nh6 44. Bg3 Be7 45. Qb2 Qd8 46. Be1 Bc6 
47. Kh1 Qe8 48. Qd2 Ra4 49. Bc2 Ra2 50. Bg3 Qd8 51. Qe1 Be8 52. Rg2 Ra3 
53. Bf2 Ra2 54. Kh2 Ra3 55. Kg1 Nd7 56. Bh4 Bxh4 57. Nxh4 Nf8 58. Nf3 Qe7 
59. Bb1 Nd7 60. Ng5 Nf8 61. Nf3 Nd7 62. Ng5 Nf8 63. Bc2 Nf7 64. Nf3 Nh6 
65. Kh1 Ra8 66. Kh2 Bc6 67. Ng5 Be8 68. Qh4 Nf7 69. gxf5 gxf5 70. Bxf5 exf5 
71. Nxd5 Nxg5 72. Rxg5 Qf7 73. Ne7 Ra2+ 74. Kg1 Rd2 75. Rg8+ Qxg8+ 76. Nxg8 Kxg8 
77. Qf6 Bd7 78. h4 Be6 79. h5 Rd3 80. h6 Rg3+ 81. Kf2 Rg4 82. Qd8 Rxf4+ 
83. Kg2 Rg4+ 84. Kf3 Rg6 85. d5 Bd7 86. e6 Bxe6 87. dxe6 Rxe6 88. Qd5 Kf7 
89. Qxb5 Rxh6 90. Qxc4+ Ke7 91. Qc5+ Rd6 92. Qe5+ Re6 93. Qg7+ Ke8 94. b5 h5 
95. Qg8 h4 96. c4 h3 97. Qh8 Rb6 98. Qxh3 Ne6 99. Kf2 Rb7 100. Qh8+ Kf7 
101. Qe5 Ke7 102. Qxf5 Rb8 103. Ke3 Rb6 104. Qh7+ Kf6 105. Qa7 Rd6 106. b6 Nd4 
107. Qa1 Re6+ 108. Kxd4 Kf5 109. b7 Rd6+ 110. Kc3 Re6 111. Qf1+ Kg6 
112. b8=Q Re3+ 113. Kd4 Rd3+ 114. Kxd3 1-0

[Event "Thursday Night Round Robin 3m+1s Starts at 2200hrs ST No Late Joins"]
[Site "Infinity Chess"]
[Date "2018.1.11"]
[Round "3"]
[White "KULLANI"]
[Black "incredible"]
[Result "1/2-1/2"]
[ECO "B12"]
[WhiteElo "2484"]
[BlackElo "2461"]
[WhiteEngine "BrainFish_180106_x64_CTG"]
[BlackEngine "stockfish_18010422_x64_bmi2"]
[EventType "Round Robin"]
[WhiteTeam ""]
[BlackTeam ""]
[PlyCount "129"]
[TimeControl "180+1"]

1. e4 c6 2. d4 d5 3. e5 Bf5 4. Nf3 e6 5. Be2 Ne7 6. c3 Nd7 7. O-O h6 8. Nbd2 a5 
9. a4 Bh7 10. Nb3 Nf5 11. Bd2 Nb6 12. Nc1 Nc4 13. b3 Nxd2 14. Qxd2 Be7 
15. Bd3 O-O 16. Ne2 Rc8 17. Rad1 Nh4 18. Nxh4 Bxh4 19. f4 f5 20. b4 Ra8 
21. b5 Be7 22. Qa2 Bg6 23. Rb1 Be8 24. h3 Rc8 25. Kh2 Kh8 26. c4 b6 27. Rfc1 c5 
28. Rf1 Qd7 29. Rbd1 Rd8 30. cxd5 exd5 31. dxc5 Bxc5 32. Bc4 d4 33. Nc1 Bh5 
34. Rd3 Qb7 35. Qf2 Bf7 36. Bxf7 Qxf7 37. Qc2 Rc8 38. Nb3 Qd5 39. Rfd1 Rfd8 
40. Qe2 Qe4 41. Qf3 Qxf3 42. Rxf3 Kg8 43. Rfd3 Rd5 44. g3 Bb4 45. h4 g5 
46. hxg5 hxg5 47. fxg5 Kh7 48. Kg2 Kg6 49. Nxd4 Rc3 50. Ne2 Rcxd3 51. Rxd3 Rxe5 
52. Nf4+ Kxg5 53. Rd8 Bc5 54. Rc8 Kf6 55. Rc6+ Kf7 56. Nd3 Re2+ 57. Kf1 Ra2 
58. Nxc5 bxc5 59. Rxc5 Rxa4 60. b6 Rb4 61. Rxf5+ Kg6 62. Rxa5 Rb1+ 63. Kg2 Rxb6 
64. Kf3 Rb2 65. Kg4 1/2-1/2

[Event "Thursday Night Round Robin 3m+1s Starts at 2200hrs ST No Late Joins"]
[Site "Infinity Chess"]
[Date "2018.1.11"]
[Round "3"]
[White "Vimtiroba"]
[Black "Dovahkiin"]
[Result "1/2-1/2"]
[ECO "D30"]
[WhiteElo "2496"]
[BlackElo "2448"]
[WhiteEngine "AsmFish@J10V2_CTG"]
[BlackEngine "BrainFish_180106_x64_modern_CTG"]
[EventType "Round Robin"]
[WhiteTeam ""]
[BlackTeam ""]
[PlyCount "169"]
[TimeControl "180+1"]

1. d4 d5 2. c4 e6 3. g3 Nf6 4. Nf3 Be7 5. Bg2 O-O 6. O-O dxc4 7. Qc2 a6 
8. a4 Bd7 9. Qxc4 Bc6 10. Bf4 Bd6 11. Bg5 Nbd7 12. Nc3 h6 13. Bxf6 Nxf6 
14. Rac1 Qe7 15. Rfd1 Bd5 16. Qd3 Bb4 17. Qc2 Bxf3 18. Bxf3 c6 19. Qb3 a5 
20. Na2 Bd6 21. Rc4 Rad8 22. Nc1 Nd5 23. e3 Nb4 24. Nd3 Nxd3 25. Rxd3 Bb4 
26. Rc1 g6 27. h4 Kg7 28. Kg2 h5 29. Rcd1 Rh8 30. Rh1 Rd6 31. Qc4 Rd7 
32. Qb3 Re8 33. Rhd1 Red8 34. Qc4 Kg8 35. b3 Kg7 36. Qc2 Kh7 37. Qc4 Kg7 
38. Qc2 Qf6 39. Qc4 Rd6 40. Qc2 R6d7 41. Be4 Kh7 42. Bf3 Qe7 43. Qc4 Kg8 
44. Qc2 Qf6 45. Qc4 Qe7 46. Be2 Ba3 47. Qc2 Bd6 48. Bf3 Kg7 49. Qc4 Qf6 
50. R3d2 Bb4 51. Rd3 Rd6 52. Qc2 e5 53. dxe5 Qxe5 54. Rxd6 Rxd6 55. Rxd6 Bxd6 
56. Be2 Kf6 57. Bc4 Ke7 58. Qd1 Qe4+ 59. Kg1 Bb4 60. Kh2 Bd6 61. Kg1 Bc5 
62. Qd2 Bb4 63. Qd1 Bc5 64. Kf1 Bb4 65. Kg1 Bd6 66. Qd3 Qe5 67. Kg2 Bc5 
68. Kh1 Bd6 69. Kg2 Bc5 70. Kh3 Bb4 71. Kh2 Bd6 72. e4 Qf6 73. Kg2 Kf8 
74. Qe3 Kg7 75. f4 Qb2+ 76. Qf2 Qc3 77. e5 Be7 78. Qb6 Qc2+ 79. Qf2 Qe4+ 
80. Qf3 Qd4 81. Qf2 Qe4+ 82. Qf3 Qc2+ 83. Qf2 Qf5 84. Qd4 Qc2+ 85. Qf2 1/2-1/2

[Event "Thursday Night Round Robin 3m+1s Starts at 2200hrs ST No Late Joins"]
[Site "Infinity Chess"]
[Date "2018.1.11"]
[Round "3"]
[White "Time_bandit"]
[Black "Victorious"]
[Result "1/2-1/2"]
[ECO "D04"]
[WhiteElo "2562"]
[BlackElo "2578"]
[WhiteEngine "asmFishW_2017-11-19_popcnt"]
[BlackEngine "Houdini 6"]
[EventType "Round Robin"]
[WhiteTeam ""]
[BlackTeam ""]
[PlyCount "123"]
[TimeControl "180+1"]

1. d4 d5 2. Nf3 Nf6 3. e3 c5 4. c4 e6 5. a3 h6 6. Nc3 dxc4 7. Bxc4 a6 8. O-O b5 
9. Ba2 Bb7 10. Qe2 c4 11. e4 Nbd7 12. d5 e5 13. h3 Qb6 14. Bb1 Bc5 15. Bc2 O-O 
16. Nh4 Rfe8 17. Qf3 Bc8 18. Ne2 a5 19. Bd2 Bd4 20. Rfe1 g6 21. Rab1 b4 
22. b3 c3 23. Bxh6 Ba6 24. Ra1 Bc5 25. Ra2 Nh5 26. g4 Bxe2 27. Rxe2 Nf4 
28. Bxf4 exf4 29. axb4 Bd6 30. bxa5 Rxa5 31. Rxa5 Qxa5 32. Re1 Qd8 33. Ng2 Qf6 
34. h4 Ne5 35. Qh3 g5 36. Ra1 gxh4 37. Ra6 Qh6 38. b4 Rd8 39. Ra1 Bxb4 
40. Ne1 Qg5 41. Kg2 Kg7 42. Nf3 Nxf3 43. Qxf3 h3+ 44. Kg1 Bd6 45. Qxh3 Rh8 
46. Qf3 Be5 47. Rd1 Qh6 48. Rd3 Ra8 49. d6 Ra1+ 50. Rd1 Rxd1+ 51. Qxd1 Qxd6 
52. Kg2 Qxd1 53. Bxd1 Kh6 54. Bc2 Kg5 55. Kf3 Bd6 56. Bd1 f6 57. Ke2 Kxg4 
58. Kd3+ f3 59. Kxc3 Bc5 60. Kc4 Bxf2 61. Kd5 f5 62. exf5 1/2-1/2

[Event "Thursday Night Round Robin 3m+1s Starts at 2200hrs ST No Late Joins"]
[Site "Infinity Chess"]
[Date "2018.1.11"]
[Round "3"]
[White "BlitzMaster"]
[Black "koalachess"]
[Result "1-0"]
[ECO "C11"]
[WhiteElo "2567"]
[BlackElo "2312"]
[WhiteEngine "stockfish_18010422_x64_modern_CTG"]
[BlackEngine "asmFishW_2017-11-19_popcnt_CTG"]
[EventType "Round Robin"]
[WhiteTeam ""]
[BlackTeam ""]
[PlyCount "145"]
[TimeControl "180+1"]

1. e4 e6 2. d4 d5 3. Nc3 Nf6 4. e5 Nfd7 5. f4 c5 6. Nf3 Nc6 7. Be3 Qb6 
8. Na4 Qa5+ 9. c3 c4 10. b4 Qc7 11. Be2 b5 12. Nc5 Nxc5 13. dxc5 a5 14. a3 g6 
15. O-O Bg7 16. Nd4 Nxd4 17. Bxd4 h5 18. a4 Bd7 19. axb5 Bxb5 20. Ra2 Ke7 
21. Qa1 Ra7 22. c6 Rha8 23. Qb1 Bxc6 24. Bxa7 Qxa7+ 25. Kh1 a4 26. b5 Bb7 
27. Bxh5 gxh5 28. f5 Bxe5 29. fxe6 fxe6 30. Re2 Qb8 31. Rfe1 Qg8 32. Rxe5 Re8 
33. Rxh5 Kd7 34. Rh7+ Re7 35. Rxe7+ Kxe7 36. Qb4+ Kd7 37. Qxa4 d4 38. b6+ Kd8 
39. Rg1 Qg6 40. Qb4 e5 41. cxd4 exd4 42. Qf8+ Kd7 43. Qf4 Qxb6 44. Qf7+ Kd8 
45. Rf1 Qb5 46. Qg8+ Kc7 47. Qg3+ Kb6 48. Qd6+ Bc6 49. Qb8+ Kc5 50. Qa7+ Kd5 
51. Rf5+ Kd6 52. Rxb5 Bxb5 53. Qxd4+ Kc7 54. Qc5+ Bc6 55. Qxc4 Kd6 
56. Qxc6+ Kxc6 57. g4 Kd7 58. Kg2 Kc6 59. h4 Kd7 60. Kf3 Ke6 61. Kf4 Kd5 
62. Kf5 Kd4 63. h5 Kc4 64. g5 Kb3 65. h6 Kb2 66. h7 Kc1 67. g6 Kd2 68. g7 Kc1 
69. h8=Q Kb2 70. g8=Q+ Kc2 71. Qa1 Kd3 72. Qga2 Ke3 73. Qc3# 1-0

[Event "Thursday Night Round Robin 3m+1s Starts at 2200hrs ST No Late Joins"]
[Site "Infinity Chess"]
[Date "2018.1.11"]
[Round "2"]
[White "Victorious"]
[Black "BlitzMaster"]
[Result "1/2-1/2"]
[ECO "A05"]
[WhiteElo "2579"]
[BlackElo "2566"]
[WhiteEngine "Houdini 6"]
[BlackEngine "stockfish_18010422_x64_modern_CTG"]
[EventType "Round Robin"]
[WhiteTeam ""]
[BlackTeam ""]
[PlyCount "126"]
[TimeControl "180+1"]

1. Nf3 Nf6 2. d4 d5 3. e3 c5 4. Nbd2 e6 5. c3 Nbd7 6. Bd3 Be7 7. O-O b6 
8. e4 dxe4 9. Nxe4 O-O 10. Nxf6+ Nxf6 11. dxc5 Bxc5 12. Bf4 Bb7 13. Qe2 Bd6 
14. Ne5 Qe7 15. Rad1 Rfd8 16. Bg3 h6 17. Rd2 Bc7 18. Rfd1 a6 19. f4 b5 
20. Bf2 Rac8 21. h3 Nd5 22. g3 Ba5 23. Be4 Nf6 24. Bxb7 Rxd2 25. Rxd2 Qxb7 
26. Qf3 Qxf3 27. Nxf3 b4 28. cxb4 Bxb4 29. Re2 h5 30. Bd4 Nd5 31. a3 Bd6 
32. Rd2 a5 33. Kg2 Be7 34. h4 a4 35. Kf2 Kh7 36. Ne5 f6 37. Nf3 Kg6 38. Kg2 Rc4 
39. Bf2 Nc7 40. Ne1 Kf7 41. Rd7 Ke8 42. Rd2 Nb5 43. Kf3 Bd8 44. Rd3 Ba5 
45. b3 axb3 46. Rxb3 Nd6 47. Nd3 Kf7 48. Nc5 e5 49. fxe5 fxe5 50. Nb7 e4+ 
51. Ke2 Bc7 52. Nxd6+ Bxd6 53. Rb7+ Ke6 54. Rxg7 Bxa3 55. Be3 Rc2+ 56. Kf1 Bc1 
57. Bxc1 Rxc1+ 58. Ke2 Kf6 59. Rg5 Rc3 60. Rxh5 Rxg3 61. Rh6+ Ke5 62. Rh8 Rg2+ 
63. Ke1 Rh2 1/2-1/2

[Event "Thursday Night Round Robin 3m+1s Starts at 2200hrs ST No Late Joins"]
[Site "Infinity Chess"]
[Date "2018.1.11"]
[Round "2"]
[White "Dovahkiin"]
[Black "Time_bandit"]
[Result "0-1"]
[ECO "A00"]
[WhiteElo "2460"]
[BlackElo "2550"]
[WhiteEngine "BrainFish_180106_x64_modern_CTG"]
[BlackEngine "asmFishW_2017-11-19_popcnt"]
[EventType "Round Robin"]
[WhiteTeam ""]
[BlackTeam ""]
[PlyCount "174"]
[TimeControl "180+1"]

1. e3 e5 2. e4 Nf6 3. Nc3 Bc5 4. Bc4 c6 5. Nf3 d6 6. d3 O-O 7. O-O h6 8. a4 Nbd7 
9. h3 Re8 10. Be3 Bb4 11. Qb1 Nf8 12. Qa2 Be6 13. Bxe6 Nxe6 14. Ne2 Bc5 
15. Bxc5 Nxc5 16. b4 Ne6 17. Qb2 Nh5 18. Rfe1 Qf6 19. Rab1 Rac8 20. a5 b6 
21. Kh2 b5 22. c4 Nhf4 23. Nxf4 Qxf4+ 24. Kg1 Qf6 25. Kh2 Rc7 26. Qd2 Rb8 
27. Rec1 h5 28. Qd1 g6 29. Rb2 bxc4 30. dxc4 Nc5 31. Kg1 Rcb7 32. Rcb1 Nxe4 
33. Qc2 Qf4 34. Qd3 d5 35. cxd5 cxd5 36. b5 Qf6 37. Rc1 Nd6 38. Rc5 e4 
39. Qd4 Qd8 40. Ne5 Nxb5 41. Qxd5 a6 42. Rd2 Qxd5 43. Rdxd5 Kg7 44. Rc6 Re7 
45. Nc4 Rc7 46. Rxc7 Nxc7 47. Rd4 Rb4 48. Rxe4 Kf6 49. Kf1 Ra4 50. Ke2 Ne6 
51. Ke3 Kg7 52. g3 Nc5 53. Rf4 Ne6 54. Re4 Nc5 55. Rf4 Nb7 56. Rd4 Nxa5 
57. Nd6 Rxd4 58. Kxd4 f5 59. Kd3 Kf8 60. Kd4 Nb3+ 61. Kc4 Nd2+ 62. Kd3 Ne4 
63. Nxe4 fxe4+ 64. Kxe4 a5 65. f4 Ke7 66. g4 Ke6 67. Kd4 a4 68. Kc4 h4 
69. Kb4 Kd5 70. f5 gxf5 71. gxf5 Ke5 72. Kc4 Kxf5 73. Kc3 Kf4 74. Kd2 Kg3 
75. Kd3 Kxh3 76. Kc4 Kg4 77. Kb4 Kf4 78. Kxa4 h3 79. Ka3 h2 80. Kb4 h1=Q 
81. Kc5 Ke5 82. Kc4 Qf3 83. Kb5 Qd5+ 84. Kb6 Kd6 85. Ka7 Qb5 86. Ka8 Kc6 
87. Ka7 Qb7# 0-1

[Event "Thursday Night Round Robin 3m+1s Starts at 2200hrs ST No Late Joins"]
[Site "Infinity Chess"]
[Date "2018.1.11"]
[Round "2"]
[White "incredible"]
[Black "Vimtiroba"]
[Result "1/2-1/2"]
[ECO "C77"]
[WhiteElo "2460"]
[BlackElo "2497"]
[WhiteEngine "stockfish_18010422_x64_bmi2"]
[BlackEngine "AsmFish@J10V2_CTG"]
[EventType "Round Robin"]
[WhiteTeam ""]
[BlackTeam ""]
[PlyCount "143"]
[TimeControl "180+1"]

1. e4 e5 2. Nf3 Nc6 3. Bb5 a6 4. Ba4 Nf6 5. O-O Be7 6. Nc3 b5 7. Bb3 d6 
8. d3 Na5 9. Bd2 O-O 10. Re1 Nxb3 11. axb3 Bb7 12. Ne2 Re8 13. h3 d5 
14. exd5 Qxd5 15. Nc3 Qc5 16. Nxe5 Bd6 17. Ng4 Nxg4 18. hxg4 Rxe1+ 19. Qxe1 h5 
20. Ne4 Qxc2 21. Nxd6 cxd6 22. Bc3 b4 23. Bxb4 hxg4 24. Bc3 Qxd3 25. Rd1 Qb5 
26. Rxd6 g3 27. Qe3 gxf2+ 28. Qxf2 Qg5 29. Rd3 f6 30. Rg3 Qc1+ 31. Kh2 Qh6+ 
32. Kg1 Kf7 33. Bd2 Qh7 34. Qf4 Rc8 35. Qg4 Rc7 36. Bf4 Re7 37. Bd2 Re6 
38. Bb4 Qb1+ 39. Kh2 Qh7+ 40. Kg1 Bc6 41. Qf4 Qb1+ 42. Kh2 Qd1 43. Qh4 Re5 
44. Qc4+ Qd5 45. Rd3 Qxc4 46. bxc4 Re4 47. b3 Re2 48. Rd2 Re3 49. Rb2 Rd3 
50. Be1 Bb7 51. b4 Re3 52. Bd2 Re4 53. c5 Ke6 54. Kg3 Bc6 55. Kf2 Bb5 
56. Rc2 Kd5 57. Be1 Kc6 58. Rc1 g5 59. Bc3 Kd5 60. Be1 Rf4+ 61. Kg3 Rd4 
62. Rc2 Rd3+ 63. Kf2 Rd4 64. Kg3 Re4 65. Rc1 Kc6 66. Bc3 f5 67. Re1 Rxe1 
68. Bxe1 Kd5 69. Bd2 Kc4 70. Bxg5 Kxb4 71. Kf4 Kxc5 72. Kxf5 1/2-1/2

[Event "Thursday Night Round Robin 3m+1s Starts at 2200hrs ST No Late Joins"]
[Site "Infinity Chess"]
[Date "2018.1.11"]
[Round "2"]
[White "KillBill2017"]
[Black "KULLANI"]
[Result "1/2-1/2"]
[ECO "A00"]
[WhiteElo "2475"]
[BlackElo "2484"]
[WhiteEngine "corchess_x64_modern"]
[BlackEngine "BrainFish_180106_x64_CTG"]
[EventType "Round Robin"]
[WhiteTeam ""]
[BlackTeam ""]
[PlyCount "105"]
[TimeControl "180+1"]

1. e3 e5 2. e4 Nf6 3. Nc3 Bc5 4. Bc4 O-O 5. Nf3 d6 6. d3 c6 7. O-O Bg4 8. h3 Bh5 
9. a4 a5 10. g4 Bg6 11. Kg2 Nbd7 12. Ba2 Re8 13. Nh2 h6 14. h4 d5 15. h5 Bh7 
16. g5 hxg5 17. Bxg5 Be7 18. Qf3 Nc5 19. Bxf6 Bxf6 20. Ng4 Ne6 21. Rh1 Bg5 
22. exd5 cxd5 23. Bxd5 Nf4+ 24. Kg1 Nxd5 25. Qxd5 e4 26. d4 e3 27. Nxe3 Bxe3 
28. fxe3 Rxe3 29. Qxd8+ Rxd8 30. d5 Bxc2 31. Kf2 Re5 32. Rae1 Rf5+ 33. Kg3 Bb3 
34. Rh2 Kf8 35. h6 gxh6 36. Rxh6 Kg7 37. Rb6 Bxd5 38. Nxd5 Rdxd5 39. Rxb7 Rd4 
40. b3 Rd3+ 41. Kg2 Rdf3 42. Re5 Rf2+ 43. Kg3 R5f3+ 44. Kh4 Rf4+ 45. Kg3 R4f3+ 
46. Kh4 Rh2+ 47. Kg4 Rhf2 48. Rxa5 Rf4+ 49. Kg3 R4f3+ 50. Kh4 Rf4+ 51. Kg3 R4f3+ 
52. Kh4 Rf4+ 53. Kg3 1/2-1/2

[Event "Thursday Night Round Robin 3m+1s Starts at 2200hrs ST No Late Joins"]
[Site "Infinity Chess"]
[Date "2018.1.11"]
[Round "2"]
[White "localhero"]
[Black "MGR"]
[Result "1/2-1/2"]
[ECO "D05"]
[WhiteElo "2479"]
[BlackElo "2498"]
[WhiteEngine "asmFishW_2017-10-04_popcnt"]
[BlackEngine "Stockfish SL sh BMI2"]
[EventType "Round Robin"]
[WhiteTeam ""]
[BlackTeam ""]
[PlyCount "130"]
[TimeControl "180+1"]

1. d4 d5 2. Nf3 Nf6 3. e3 e6 4. Bd3 b6 5. b3 Bb4+ 6. c3 Bd6 7. Nbd2 Bb7 
8. O-O O-O 9. Bb2 Ne4 10. c4 Qe7 11. Rc1 c5 12. dxc5 bxc5 13. g3 f5 14. Nh4 Nd7 
15. cxd5 exd5 16. f4 Nb6 17. Nxe4 fxe4 18. Bb5 Rad8 19. Qg4 a6 20. Be2 Bc8 
21. Qh5 Qf7 22. Qxf7+ Rxf7 23. Bc3 Nd7 24. Rfd1 Bb7 25. g4 g6 26. Ng2 Bc7 
27. Bb2 Bb6 28. Ba3 Re8 29. h4 h6 30. Bb2 Kh7 31. Bc3 Rc8 32. Kh2 a5 33. Kh3 Nf8 
34. h5 gxh5 35. gxh5 d4 36. Bc4 Rd7 37. Be1 Rg7 38. Bh4 Nd7 39. f5 Bc7 
40. exd4 cxd4 41. Be6 Be5 42. Rxc8 Bxc8 43. f6 Rf7 44. Rc1 Rf8 45. f7 Nb6 
46. Rc6 d3 47. Be1 Bd4 48. Bxc8 Nxc8 49. Re6 Rxf7 50. Rxe4 Bg7 51. Re3 Rd7 
52. Bd2 Bf6 53. Nf4 Bg5 54. Re4 Nb6 55. Kg2 a4 56. Kf2 Bxf4 57. Rxf4 Re7 
58. Kg3 axb3 59. axb3 Nd5 60. Rd4 Re2 61. b4 Rxd2 62. Rxd5 Rb2 63. Rd7+ Kg8 
64. Rxd3 Rxb4 65. Rd1 Rb2 1/2-1/2

[Event "Thursday Night Round Robin 3m+1s Starts at 2200hrs ST No Late Joins"]
[Site "Infinity Chess"]
[Date "2018.1.11"]
[Round "2"]
[White "koalachess"]
[Black "Coco69"]
[Result "1/2-1/2"]
[ECO "C53"]
[WhiteElo "2306"]
[BlackElo "2464"]
[WhiteEngine "asmFishW_2017-11-19_popcnt_CTG"]
[BlackEngine "BrainFish_180106_x64"]
[EventType "Round Robin"]
[WhiteTeam ""]
[BlackTeam ""]
[PlyCount "134"]
[TimeControl "180+1"]

1. e4 e5 2. Nf3 Nc6 3. Bc4 Bc5 4. c3 Nf6 5. d4 exd4 6. cxd4 Bb4+ 7. Bd2 Nxe4 
8. Bxb4 Nxb4 9. Bxf7+ Kxf7 10. Qb3+ Kf8 11. Qxb4+ Qe7 12. Qxe7+ Kxe7 13. O-O Kd8 
14. Re1 Nf6 15. Ng5 Rf8 16. Nc3 d6 17. f3 Bf5 18. Nge4 Nxe4 19. fxe4 Bg6 
20. e5 Rc8 21. g3 Kd7 22. e6+ Ke8 23. Rac1 Rf5 24. Ne2 Ke7 25. Nf4 c6 26. h4 Be8 
27. Rc3 h6 28. Ng2 Rb5 29. b3 Ra5 30. g4 Bg6 31. Rf3 d5 32. Rf2 Be4 33. Ne3 Kxe6 
34. Nc4 Rb5 35. Nd2 Kd6 36. Nxe4+ dxe4 37. Rf7 Rc7 38. Rxc7 Kxc7 39. Rxe4 Kd7 
40. Rf4 Ke7 41. Re4+ Kf6 42. Rf4+ Ke7 43. Re4+ Kf6 44. Rf4+ Ke6 45. Re4+ Kd5 
46. Re7 g5 47. h5 Kxd4 48. Re6 Re5 49. Rxh6 Re4 50. Rh7 Rxg4+ 51. Kf2 Rh4 
52. Rxb7 Rxh5 53. Rxa7 Rh2+ 54. Kg3 Re2 55. Kf3 Rb2 56. Ra4+ Kd5 57. Ra5+ Kd4 
58. Ra6 Kd3 59. Kg4 Rg2+ 60. Kf3 Rb2 61. Rxc6 Rxa2 62. Rg6 Ra1 63. Kg4 Ra3 
64. Rb6 Ra1 65. b4 Rb1 66. Kxg5 Kc4 67. Kf4 Rxb4 1/2-1/2

[Event "Thursday Night Round Robin 3m+1s Starts at 2200hrs ST No Late Joins"]
[Site "Infinity Chess"]
[Date "2018.1.11"]
[Round "1"]
[White "MGR"]
[Black "Coco69"]
[Result "1-0"]
[ECO "C50"]
[WhiteElo "2482"]
[BlackElo "2480"]
[WhiteEngine "Stockfish SL sh BMI2"]
[BlackEngine "stockfish_18010422_x64_CTG"]
[EventType "Round Robin"]
[WhiteTeam ""]
[BlackTeam ""]
[PlyCount "99"]
[TimeControl "180+1"]

1. e4 e5 2. Nf3 Nc6 3. Bc4 Bc5 4. O-O Nf6 5. d3 d6 6. c3 a5 7. Bg5 Ba7 
8. Nbd2 h6 9. Bh4 g5 10. Bg3 Nd7 11. d4 h5 12. h4 f6 13. dxe5 Ndxe5 14. Bb5 Bd7 
15. hxg5 h4 16. Bxe5 fxe5 17. Rb1 Qe7 18. Kh1 O-O 19. b4 axb4 20. cxb4 Kg7 
21. Rb3 Be6 22. Bc4 Bg4 23. Be2 Rf4 24. b5 Na5 25. Rc3 Be6 26. Qa1 Kg8 
27. Qe1 Bb6 28. g3 hxg3 29. fxg3 Rff8 30. Kg2 Kg7 31. g6 Rf6 32. Nh4 Rxf1 
33. Qxf1 Rh8 34. Nf5+ Bxf5 35. Qxf5 Rf8 36. Qh5 Rh8 37. Qg4 Rh6 38. Rf3 Rxg6 
39. Qc8 c6 40. Nc4 Nxc4 41. Bxc4 d5 42. exd5 e4 43. Rf4 Qd6 44. Qf5 Bc7 
45. Qf7+ Kh6 46. Kh1 Bd8 47. Be2 Qxd5 48. Qf8+ Rg7 49. Rf2 e3+ 50. Bf3 1-0

[Event "Thursday Night Round Robin 3m+1s Starts at 2200hrs ST No Late Joins"]
[Site "Infinity Chess"]
[Date "2018.1.11"]
[Round "1"]
[White "KULLANI"]
[Black "localhero"]
[Result "1/2-1/2"]
[ECO "C55"]
[WhiteElo "2484"]
[BlackElo "2479"]
[WhiteEngine "BrainFish_180106_x64_CTG"]
[BlackEngine "asmFishW_2017-10-04_popcnt"]
[EventType "Round Robin"]
[WhiteTeam ""]
[BlackTeam ""]
[PlyCount "108"]
[TimeControl "180+1"]

1. e4 e5 2. Nf3 Nc6 3. Bc4 Nf6 4. d3 Bc5 5. O-O d6 6. c3 a5 7. Re1 h6 
8. Nbd2 O-O 9. h3 Be6 10. Bb5 Qb8 11. Nf1 Qa7 12. Re2 a4 13. Ng3 Qa5 
14. Bxc6 bxc6 15. Nh4 Rfe8 16. Re1 d5 17. exd5 cxd5 18. Rxe5 Bf8 19. Qc2 c5 
20. Bd2 Nd7 21. Re2 c4 22. d4 a3 23. bxa3 Nf6 24. Nf3 Qa4 25. Qc1 Rab8 
26. Ne5 Bxa3 27. Qf1 Rb2 28. f4 Reb8 29. f5 Bc8 30. Qf3 Rb1+ 31. Rxb1 Rxb1+ 
32. Kh2 Qd1 33. Qf2 Bd6 34. Re1 Qc2 35. Rxb1 Qxb1 36. Bf4 Ne4 37. Qf3 f6 
38. Nc6 Qb7 39. Bxd6 Qxc6 40. Bf4 Nxg3 41. Qxg3 Bxf5 42. Bxh6 Qb7 43. Qf2 Bb1 
44. Bf4 Qa8 45. Qe2 Bxa2 46. Qe6+ Kh8 47. g4 Bb1 48. g5 fxg5 49. Be5 Qb7 
50. Qe8+ Kh7 51. Qh5+ Kg8 52. Qe8+ Kh7 53. Qh5+ Kg8 54. Qe8+ Kh7 1/2-1/2

[Event "Thursday Night Round Robin 3m+1s Starts at 2200hrs ST No Late Joins"]
[Site "Infinity Chess"]
[Date "2018.1.11"]
[Round "1"]
[White "Vimtiroba"]
[Black "KillBill2017"]
[Result "1/2-1/2"]
[ECO "D10"]
[WhiteElo "2498"]
[BlackElo "2474"]
[WhiteEngine "AsmFish@J10V2_CTG"]
[BlackEngine "corchess_x64_modern"]
[EventType "Round Robin"]
[WhiteTeam ""]
[BlackTeam ""]
[PlyCount "111"]
[TimeControl "180+1"]

1. d4 d5 2. c4 c6 3. Nc3 e6 4. e4 dxe4 5. Nxe4 Bb4+ 6. Bd2 Qxd4 7. Bxb4 Qxe4+ 
8. Be2 Na6 9. Bd6 Qxg2 10. Qd2 Nf6 11. Bf3 Qg6 12. O-O-O e5 13. Bxe5 Be6 
14. Ne2 Qf5 15. Bf4 Bxc4 16. Rhg1 Bxa2 17. Qe3+ Qe6 18. Be5 Nd5 19. Bxd5 Bxd5 
20. Nf4 Qe7 21. Nxd5 cxd5 22. Rxg7 Qc5+ 23. Qxc5 Nxc5 24. Rg3 f6 25. Bxf6 Rf8 
26. Bh4 Rf5 27. Rg8+ Rf8 28. Rxf8+ Kxf8 29. Rxd5 Rc8 30. Kd2 Rc7 31. Ke3 Kf7 
32. f4 Na4 33. b4 Nc3 34. Rd6 Nb5 35. Rd5 a6 36. Bg3 Rc4 37. Be1 Ke6 
38. Re5+ Kf6 39. Bd2 Rc6 40. Be1 Kf7 41. Rf5+ Rf6 42. Rxf6+ Kxf6 43. Ke4 Nd6+ 
44. Kd5 Nc8 45. Ke4 Nd6+ 46. Kd5 Nc8 47. Kc5 Kf5 48. Bd2 Ke4 49. h3 Kf5 
50. Be3 h5 51. Kd5 Ne7+ 52. Kc5 Ng6 53. Kb6 Nxf4 54. Bxf4 Kxf4 55. Kxb7 Kg3 
56. Kxa6 1/2-1/2

[Event "Thursday Night Round Robin 3m+1s Starts at 2200hrs ST No Late Joins"]
[Site "Infinity Chess"]
[Date "2018.1.11"]
[Round "1"]
[White "Time_bandit"]
[Black "incredible"]
[Result "1/2-1/2"]
[ECO "D05"]
[WhiteElo "2554"]
[BlackElo "2456"]
[WhiteEngine "asmFishW_2017-11-19_popcnt"]
[BlackEngine "stockfish_18010422_x64_bmi2"]
[EventType "Round Robin"]
[WhiteTeam ""]
[BlackTeam ""]
[PlyCount "185"]
[TimeControl "180+1"]

1. d4 d5 2. Nf3 Nf6 3. e3 e6 4. Bd3 c5 5. b3 Nc6 6. Bb2 cxd4 7. exd4 Bd6 
8. Nbd2 O-O 9. O-O Nb4 10. Be2 Ne4 11. c4 f5 12. Ne5 Nc6 13. Ndf3 Qe7 
14. Rc1 Rd8 15. Nxc6 bxc6 16. c5 Bf4 17. Rc2 a5 18. Ne5 Bxe5 19. dxe5 Ba6 
20. Bxa6 Rxa6 21. f3 Ng5 22. Bd4 Ra7 23. Qd2 Rb8 24. Bc3 Rba8 25. h3 h6 
26. Bd4 Qf7 27. Be3 Nh7 28. Kh2 Rb8 29. Rb2 g5 30. f4 Qg6 31. g3 Qh5 32. Rg1 Rb4 
33. Bd4 Nf8 34. a3 Rbb7 35. fxg5 Nh7 36. Be3 Nxg5 37. Bxg5 Qxg5 38. Qc3 Rb5 
39. Rf1 Kh7 40. Rf4 Rg7 41. Rg2 Rb8 42. Ra4 Ra8 43. Rh4 Rb7 44. Rf4 Rab8 
45. Rb2 Rb5 46. b4 Rg8 47. Ra2 Qe7 48. Rh4 Qg5 49. Rf4 Rg7 50. Rh4 axb4 
51. axb4 Rb8 52. Ra3 Rbg8 53. Qe1 Rf7 54. Rf4 Rfg7 55. Rh4 Qe7 56. Qe3 Rg6 
57. Qf2 Qc7 58. Qe2 Qg7 59. Qe1 Qf7 60. Qa1 R6g7 61. Rf4 Qe7 62. Qe1 Qb7 
63. Rh4 Qe7 64. Qe3 Rg6 65. Qd4 Qg7 66. Qc3 Qe7 67. Qd4 Rb8 68. Rf4 Qb7 
69. Qe3 Rd8 70. Qe2 Qg7 71. Qb2 Qb7 72. Rff3 Rg7 73. Rf4 Rf8 74. Ra2 Rgg8 
75. Ra3 Qg7 76. Rff3 Rf7 77. Qa1 f4 78. Qd4 Qg6 79. Rxf4 Qc2+ 80. Kh1 Qc1+ 
81. Kh2 Qc2+ 82. Kh1 Rxf4 83. Ra7+ Rg7 84. Rxg7+ Kxg7 85. Qxf4 Qd1+ 86. Kg2 Qe2+ 
87. Kh1 Qd1+ 88. Kg2 Qe2+ 89. Kg1 Qe1+ 90. Kh2 Qe2+ 91. Kg1 Qe1+ 92. Kh2 Qe2+ 
93. Kg1 1/2-1/2